 Dungeon Sprint DCSS version 0.30-a0-373-gd37427bb62 (webtiles) character file.

Game seed: 2541651369600268829

7 rocky1 the Grasshopper (level 2, -3/26 HPs)
             Began as a Gnoll Warper on Nov 24, 2022.
             Was a Believer of Cheibriados.
             Slain by a gnoll
             ... wielding a +0 spear
              (5 damage)
             ... in the Dungeon (Sprint VII: "The Pits").
             The game lasted 00:00:36 (95 turns).

rocky1 the Grasshopper (Gnoll Warper)                 Turns: 95, Time: 00:00:38

Health: -3/26      AC:  3    Str: 14    XL:     2   Next: 0%
Magic:  8/8        EV: 13    Int: 16    God:    Cheibriados [**....]
Gold:   0          SH:  0    Dex: 15    Spells: 11/11 levels left

rFire   . . .      SeeInvis .    m - +2 mace
rCold   . . .      Faith    .    (no shield)
rNeg    . . .      Spirit   .    b - +0 leather armour
rPois   .          Reflect  .    (no helmet)
rElec   .          Harm     .    (no cloak)
rCorr   .          Rampage  .    (no gloves)
Will    .....      NoTele   +    (no boots)
Stlth   ++........               (no amulet)
HPRegen 0.24/turn                (no ring)
MPRegen 0.11/turn                (no ring)

@: very slow
A: fangs 1, strong nose, distributed training
a: Renounce Religion, Bend Time


You were in the Dungeon.
You worshipped Cheibriados.
Cheibriados was pleased with you.
You visited 1 branch

Inventory:

Hand Weapons
 a - a +0 mace
 m - a +2 mace (weapon)
Missiles
 d - 7 boomerangs of dispersal (quivered)
Armour
 b - a +0 leather armour (worn)
Scrolls
 c - 2 scrolls of blinking
 k - 5 scrolls of amnesia
 l - a scroll of summoning
Potions
 e - a potion of curing
 f - a potion of heal wounds
 g - a potion of haste
 h - 4 potions of magic
 i - 3 potions of berserk rage
 j - 2 potions of invisibility


   Skills:
 + Level 4.6 Fighting
 + Level 1.1 Short Blades
 + Level 1.1 Long Blades
 + Level 1.1 Axes
 + Level 4.6 Maces & Flails
 + Level 1.1 Polearms
 + Level 1.1 Staves
 + Level 1.1 Ranged Weapons
 + Level 2.7 Throwing
 + Level 2.7 Armour
 + Level 4.6 Dodging
 + Level 1.1 Stealth
 + Level 1.1 Shields
 + Level 1.1 Unarmed Combat
 + Level 5.0 Spellcasting
 + Level 0.8 Conjurations
 + Level 0.8 Hexes
 + Level 0.8 Summonings
 + Level 0.8 Necromancy
 + Level 5.4 Translocations
 + Level 0.8 Transmutations
 + Level 0.8 Fire Magic
 + Level 0.8 Ice Magic
 + Level 0.8 Air Magic
 + Level 0.8 Earth Magic
 + Level 0.8 Poison Magic
 + Level 1.2 Invocations
 + Level 1.1 Evocations


You had 11 spell levels left.
You didn't know any spells.
Your spell library contained the following spells:

 Spells                   Type           Power      Damage    Failure   Level
 Blink                    Tloc           42%        N/A       3%          2
 Lesser Beckoning         Tloc           42%        N/A       6%          3
 Teleport Other           Tloc           21%        N/A       6%          3
 Vhi's Electric Charge    Tloc/Air       28%        N/A       16%         3
 Manifold Assault         Tloc           21%        N/A       19%         4


Dungeon Overview and Level Annotations

Branches:
Dungeon (1/1)

Altars:
Ashenzari
Cheibriados
Dithmenos
Elyvilon
Fedhas
Gozag
Hepliaklqana
Kikubaaqudgha
Makhleb
Nemelex Xobeh
Okawaru
Qazlal
Ru
Sif Muna
Trog
Uskayaw
Vehumet
Wu Jian
Xom
Yredelemnul
Zin
The Shining One
Jiyva
Lugonu


Innate Abilities, Weirdness & Mutations

You have very sharp teeth.
Your uncanny sense of smell can sniff out nearby items.
Your experience applies equally to all skills.


Message History

Cheibriados thoroughly appreciates the change of pace.
Cheibriados raises the support of your attributes as your movement slows. x2
You have reached level 2!
A gnoll and a crimson imp come into view.
The gnoll shouts!
The gnoll hits you from afar with a +0 spear!
There is an open door, spattered with blood here.
The crimson imp shouts, "Accept thy failure, thou peeagling kobold-kissing buzzard-bait!"
The adder skeleton bites you but does no damage.
You hit the adder skeleton.
The adder skeleton is lightly damaged.
The adder skeleton closely misses you. The gnoll closely misses you.
You barely miss the adder skeleton.
The adder skeleton is lightly damaged.
The adder skeleton bites you but does no damage.
The gnoll barely misses you.
You hit the adder skeleton.
The adder skeleton is severely damaged.
The adder skeleton closely misses you. The gnoll misses you.
You barely miss the adder skeleton.
You bite the adder skeleton, but do no damage.
The adder skeleton is severely damaged.
The adder skeleton bites you.
The gnoll hits you from afar with a +0 spear!
You are too injured to fight recklessly!
You are too injured to fight recklessly!
You hit the crimson imp but do no damage.
The gnoll barely misses you.
You hit the crimson imp but do no damage.
You bite the crimson imp.
The crimson imp is lightly wounded.
The crimson imp completely misses you. The gnoll barely misses you.
You miss the crimson imp.
You bite the crimson imp, but do no damage.
The crimson imp misses you.
The gnoll hits you from afar with a +0 spear!
* * * LOW HITPOINT WARNING * * *
The crimson imp closely misses you.
The gnoll hits you from afar with a +0 spear.
You die...

#_______...##########
##########'##........
#.?(.')))'.##......#.
##########.##........
#...........'........
#+#####'#####......#.
#...#†#∆∆ #........
#...#.#∆∆ ####'####
#.@.).#∆∆ #.......#
##5####∆∆ #.......#
#.Zg..#∆∆ #.......#
#.....# #...<...#
#....... #.......#
#........##.......#
###########.......#
#########


You could see a gnoll, a crimson imp and an adder skeleton.

Vanquished Creatures
  A bat skeleton (D)
  A giant cockroach (D)
  A goblin (D)
  A quokka (D)
  A ball python (D)
  A ball python zombie (D)
6 creatures vanquished.

Notes
Turn   | Place    | Note
-------+----------+-------------------------------------------
     0 | D        | rocky1 the Gnoll Warper began the quest for the Orb.
     0 | D        | Reached XP level 1. HP: 20/20 MP: 6/6
    42 | D        | Found a bloodstained altar of Trog.
    42 | D        | Found a shimmering blue altar of Sif Muna.
    42 | D        | Found a viscous altar of Jiyva.
    42 | D        | Found a hazy altar of Hepliaklqana.
    42 | D        | Found an opulent altar of Gozag.
    43 | D        | Found a glowing golden altar of the Shining One.
    43 | D        | Found a glowing silver altar of Zin.
    43 | D        | Found a basalt altar of Yredelemnul.
    43 | D        | Found a shimmering altar of Xom.
    43 | D        | Found an ornate altar of the Wu Jian Council.
    43 | D        | Found a sacrificial altar of Ru.
    43 | D        | Found a stormy altar of Qazlal.
    43 | D        | Found an iron altar of Okawaru.
    43 | D        | Found a sparkling altar of Nemelex Xobeh.
    43 | D        | Found a burning altar of Makhleb.
    43 | D        | Found a blossoming altar of Fedhas.
    43 | D        | Found a white marble altar of Elyvilon.
    43 | D        | Found a shadowy altar of Dithmenos.
    43 | D        | Found a snail-covered altar of Cheibriados.
    46 | D        | Found a corrupted altar of Lugonu.
    46 | D        | Found a radiant altar of Vehumet.
    47 | D        | Found an ancient bone altar of Kikubaaqudgha.
    47 | D        | Found a hide-covered altar of Uskayaw.
    47 | D        | Found a broken altar of Ashenzari.
    54 | D        | Became a worshipper of Cheibriados the Contemplative
    75 | D        | Reached skill level 5 in Spellcasting
    79 | D        | Reached * piety under Cheibriados
    80 | D        | Reached skill level 1 in Invocations
    81 | D        | Reached skill level 1 in Short Blades
    81 | D        | Reached skill level 1 in Long Blades
    81 | D        | Reached skill level 1 in Axes
    81 | D        | Reached skill level 1 in Polearms
    81 | D        | Reached skill level 1 in Staves
    81 | D        | Reached skill level 1 in Ranged Weapons
    81 | D        | Reached skill level 1 in Stealth
    81 | D        | Reached skill level 1 in Shields
    81 | D        | Reached skill level 1 in Unarmed Combat
    81 | D        | Reached skill level 1 in Evocations
    86 | D        | Reached ** piety under Cheibriados
    87 | D        | Reached XP level 2. HP: 26/26 MP: 8/8
    87 | D        | Noticed a crimson imp
    95 | D        | Slain by a gnoll

Illustrated notes

Levels and vault maps discovered:
D:        pitsprint [storerooms_1, entrance_room_1, metal_vault_1, armoury_1,
          mini_pit_1, grid_room_1, main_hall_1, silver_pit, the_coven_1,
          the_vestibule_1, steel_vault_2, golden_pit, hallway_of_sentries,
          crystal_vault_2, iron_vault_2, final_vault]

Skill      XL: |  1 |
---------------+----+-----
Spellcasting   | 5 |  5.0
Invocations    | 1 |  1.2
Short Blades   | 1 |  1.1
Long Blades    | 1 |  1.1
Axes           | 1 |  1.1
Polearms       | 1 |  1.1
Staves         | 1 |  1.1
Ranged Weapons | 1 |  1.1
Stealth        | 1 |  1.1
Shields        | 1 |  1.1
Unarmed Combat | 1 |  1.1
Evocations     | 1 |  1.1
Fighting       | |  4.6
Maces & Flails | |  4.6
Throwing       | |  2.7
Armour         | |  2.7
Dodging        | |  4.6
Conjurations   | |  0.8
Hexes          | |  0.8
Summonings     | |  0.8
Necromancy     | |  0.8
Translocations | |  5.4
Transmutations | |  0.8
Fire Magic     | |  0.8
Ice Magic      | |  0.8
Air Magic      | |  0.8
Earth Magic    | |  0.8
Poison Magic   | |  0.8

Action                   || total
-------------------------++-------
Melee: Mace              ||    14
       Bite              ||     3
 Stab: Sleeping          ||     1
Armor: Leather armour    ||     2
Dodge: Dodged            ||    16

Table legend: (Time is in decaauts)
 A = Elapsed time spent in this place.
 B = Non-inter-level travel time spent in this place.
 C = Inter-level travel time spent in this place.
 D = Time resting spent in this place.
 E = Time spent auto-exploring this place.
 F = Levels seen in this place.
 G = Mean time per level.
                   A        B        C        D        E       F      G
               +--------+--------+--------+--------+--------+-----+--------+
         Total |    104 |    104 |      0 |      0 |      0 |   1 |  104.0 |
       Dungeon |    104 |    104 |      0 |      0 |      0 |   1 |  104.0 |
               +--------+--------+--------+--------+--------+-----+--------+

Top non-repeatable levels by time:
       D: 104 daAuts
